 Dungeon Crawl Stone Soup version 0.27-a0-1572-gacd6f1ce93 (webtiles) character file.

Game seed: 9940002609937906729

71 Conn the Magician (level 4, -10/24 HPs)
             Began as a Deep Elf Fire Elementalist on July 17, 2021.
             Killed by divine providence
             ... invoked by an orc priest
              (12 damage)
             ... on level 3 of the Dungeon.
             The game lasted 00:04:06 (2399 turns).

Conn the Magician (Deep Elf Fire Elementalist)      Turns: 2399, Time: 00:04:06

Health: -10/24     AC:  2    Str:  5    XL:     4   Next: 5%
Magic:  12/12      EV: 13    Int: 21    God:
Gold:   114        SH:  0    Dex: 15    Spells: 7/11 levels left

rFire    . . .     SeeInvis .   e - +1 dagger (holy)
rCold    . . .     Faith    .   (no shield)
rNeg     . . .     Spirit   .   a - +0 robe
rPois    .         Reflect  .   (no helmet)
rElec    .         Harm     .   (no cloak)
rCorr    .         Rampage  .   (no gloves)
Will     .....                  (no boots)
Stlth    ++........             (no amulet)
HPRegen  0.08/turn              (no ring)
MPRegen  0.13/turn              (no ring)

@: flying, very slightly contaminated
A: no striking features
a: no special abilities


You were on level 3 of the Dungeon.
You visited 1 branch of the dungeon, and saw 3 of its levels.

You collected 114 gold pieces.

Inventory:

Hand Weapons
 c - a +0 dagger
 e - a +1 dagger of holy wrath (weapon)
 h - a +0 dagger of venom
Missiles
 f - 8 poisoned darts
Armour
 a - a +0 robe (worn)
Jewellery
 l - a ring of ice
 m - a ring of ice
Scrolls
 b - a scroll of blinking {unknown}
 g - a scroll of fear {unknown}
 i - a scroll of identify {unknown}
 k - a scroll of fog {unknown}
 o - a scroll of teleportation {unknown}
 r - a scroll of immolation {unknown}
Potions
 d - a potion of might {unknown}
 j - a potion of flight
 n - a potion of mutation {unknown}
 p - a potion of curing
 q - a potion of brilliance {unknown}


   Skills:
 + Level 0.1 Fighting
 + Level 2.9 Dodging
 + Level 3.1 Stealth
 + Level 4.1 Spellcasting
 + Level 1.6 Conjurations
 + Level 4.1 Fire Magic


You had 7 spell levels left.
You knew the following spells:

 Your Spells              Type           Power      Damage    Failure   Level
a - Foxfire               Conj/Fire      64%        2x1d7     3%          1
b - Conjure Flame         Conj/Fire      16%        6-21      11%         3

Your spell library contained the following spells:

 Spells                   Type           Power      Damage    Failure   Level
 Inner Flame              Hex/Fire       12%        N/A       16%         3
 Sticky Flame             Conj/Fire      16%        2d4       36%         4
 Fireball                 Conj/Fire      8%         3d6       71%         5


Dungeon Overview and Level Annotations

Branches:
Dungeon (3/15)

Altars:
Gozag

Shops:
D:1 *


Message History

You conjure some foxfire!
The foxfire hits the worm.
The worm is almost dead.
The foxfire hits the worm.
You kill the worm!
q - a murky coppery potion
r - a scroll labelled QIROGE GEWI You see here a +0 spear.
Done exploring.
Done exploring.
Okay, then.
It was a potion of flight.
You feel very buoyant.
You fly up into the air.
It was a potion of curing.
You feel better.
There is a stone staircase leading down here.
You fly downwards.
There is a stone staircase leading up here.
Found a stone staircase leading up.
An orc and an orc priest come into view.
Found 15 bolts.
Found a stone staircase leading down.
The orc shouts!
The orc priest shouts!
You hear a shout!
The orc priest invokes the aid of Beogh against you.
Beogh smites you!
An orc priest comes into view. It is wielding a +0 falchion.
Casting: Foxfire (safe; 3% risk of failure)
Confirm with . or Enter, or press ? or * to list all spells.
You miscast Foxfire.
You are very lightly contaminated with residual magic.
Nothing appears to happen.
The orc priest mumbles some strange prayers to Beogh against you.
Beogh smites you!
Ouch! That really hurt!
* * * LOW HITPOINT WARNING * * *
There is a stone staircase leading up here.
Magic restored.
The orc priest invokes the aid of Beogh against you.
Beogh smites you!
Ouch! That really hurt!
You die...

#.#.# .# #....#.#
#.# #.##.... ..(.
.......# ....#
#.##...##.....
#.##.#........
#.##..........
#.##.##..........
#...@o..#..#.....
#.##.##...o....##
#.##.#.#....#
.......#....#
####......oo.#
........><#
###.#.###..#
#.#.#


You could see an orc priest and an orc.

Vanquished Creatures
  2 adders (D:2)
  A worm (D:2)
  An orc (D:2)
  9 bats
  7 endoplasms
  6 goblins
  2 hobgoblins
  2 jackals (D:1)
  2 quokkas
  3 ball pythons (D:1)
  2 frilled lizards
  5 kobolds (D:1)
  4 rats
46 creatures vanquished.

Vanquished Creatures (others)
  121 foxfires
121 creatures vanquished.

Grand Total: 167 creatures vanquished

Notes
Turn   | Place    | Note
-------+----------+-------------------------------------------
     0 | D:1      | Conn the Deep Elf Fire Elementalist began the quest for the
                  | Orb.
     0 | D:1      | Reached XP level 1. HP: 10/10 MP: 6/6
   218 | D:1      | Reached XP level 2. HP: 14/15 MP: 1/8
   503 | D:1      | Found a faded altar of an unknown god.
   692 | D:1      | Found Sykogate's General Store.
  1082 | D:1      | Reached XP level 3. HP: 19/19 MP: 10/10
  1086 | D:1      | Learned a level 3 spell: Conjure Flame
  2097 | D:2      | Reached XP level 4. HP: 24/24 MP: 9/12
  2148 | D:2      | Found an opulent altar of Gozag.
  2399 | D:3      | Killed from afar by an orc priest

Illustrated notes

Levels and vault maps discovered:
D:1:      shiori_arrival_maze, layout_loops_corners,
          hellmonk_ecumenical_altar_slurped_away, serial_shops, shop,
          minmay_cupped
D:2:      layout_rooms, basic_altar, minmay_small_reverse_x
D:3:      layout_basic, serial_shops, nicolae_shop_statue_plus

Skill      XL: |  1  2  3 |
---------------+----------+-----
Stealth        | 3 |  3.1
Fire Magic     | 4 |  4.1
Spellcasting   | 4 |  4.1
Fighting       | |  0.1
Dodging        | |  2.9
Conjurations   | |  1.6

Action                   |  1- 3 |  4- 6 || total
-------------------------+-------+-------++-------
Melee: Dagger            |    16 |     1 ||    17
 Cast: Foxfire           |    69 |     3 ||    72
  Use: Potion            |       |     2 ||     2
 Stab: Sleeping          |     5 |     1 ||     6
Armor: Robe              |     6 |       ||     6
Dodge: Dodged            |    28 |       ||    28

Table legend: (Time is in decaauts)
 A = Elapsed time spent in this place.
 B = Non-inter-level travel time spent in this place.
 C = Inter-level travel time spent in this place.
 D = Time resting spent in this place.
 E = Time spent auto-exploring this place.
 F = Levels seen in this place.
 G = Mean time per level.
                   A        B        C        D        E       F      G
               +--------+--------+--------+--------+--------+-----+--------+
         Total |   2397 |   2397 |      0 |      0 |   1869 |   3 |  799.0 |
       Dungeon |   2397 |   2397 |      0 |      0 |   1869 |   3 |  799.0 |
               +--------+--------+--------+--------+--------+-----+--------+

Top non-repeatable levels by time:
     D:1: 1481 daAuts
     D:2: 903 daAuts
     D:3: 12 daAuts
